 Dungeon Crawl Stone Soup version 0.29-a0-542-g075992c915 (webtiles) character file.

Game seed: 8735535252017099446

13 gruber the Chiller (level 2, 19/19 HPs)
             Began as a Demonspawn Ice Elementalist on June 3, 2022.
             Quit the game on level 1 of the Dungeon.
             The game lasted 00:00:43 (809 turns).

gruber the Chiller (Demonspawn Ice Elementalist)     Turns: 809, Time: 00:00:43

Health: 19/19      AC:  2    Str:  8    XL:     2   Next: 24%
Magic:  1/5        EV: 12    Int: 16    God:
Gold:   10         SH:  0    Dex: 13    Spells: 4/5 levels left

rFire   . . .      SeeInvis .   f - +0 spear
rCold   . . .      Faith    .   (no shield)
rNeg    . . .      Spirit   .   a - +0 robe
rPois   .          Reflect  .   (no helmet)
rElec   .          Harm     .   (no cloak)
rCorr   .          Rampage  .   (no gloves)
Will    .....                   (no boots)
Stlth   ++........              (no amulet)
HPRegen 0.06/turn               (no ring)
MPRegen 0.09/turn               (no ring)

@: no status effects
A: demonic touch 1
a: no special abilities


You were on level 1 of the Dungeon.
You visited 1 branch of the dungeon, and saw 1 of its levels.

You collected 10 gold pieces.

Inventory:

Hand Weapons
 f - a +0 spear (weapon)
Armour
 a - a +0 robe (worn)
Jewellery
 d - a +4 ring of evasion
Scrolls
 c - 3 scrolls of summoning {unknown}
 g - a scroll of amnesia {unknown}
 i - a scroll of identify {unknown}
Potions
 b - a potion of magic
 e - a potion of haste {unknown}
 h - a potion of brilliance {unknown}


   Skills:
 - Level 1.7 Dodging
 - Level 1.7 Stealth
 - Level 2.0 Spellcasting
 * Level 4.2 Ice Magic


You had 4 spell levels left.
You knew the following spells:

 Your Spells              Type           Power      Damage    Failure   Level
a - Freeze                Ice            60%        1d8       3%          1

Your spell library contained the following spells:

 Spells                   Type           Power      Damage    Failure   Level
 Frozen Ramparts          Ice            30%        1d5       11%         3
 Ozocubu's Armour         Ice            15%        N/A       11%         3
 Foxfire                  Conj/Fire      4%         2x1d4     21%         1
 Conjure Flame            Conj/Fire      1%         6-21      52%         3
 Inner Flame              Hex/Fire       1%         N/A       52%         3
 Hailstorm                Conj/Ice       8%         3d4       65%         4
 Flame Wave               Conj/Fire      1%         2d4       90%         4


Dungeon Overview and Level Annotations

Branches:
Dungeon (1/15)

Altars:


Innate Abilities, Weirdness & Mutations

Your touch may inflict minor irresistible damage on your foes.


Message History

As you open the door, it creaks loudly!
There is an open door here.
A quokka comes into view.
Found a stone staircase leading down.
The quokka bites you.
You barely miss the quokka.
You touch the quokka.
You kill the quokka!
You can't see any susceptible monsters within range! (Use Z to cast anyway.)
You can't see any susceptible monsters within range! (Use Z to cast anyway.)
There is a stone staircase leading down here.
i - a scroll labelled JIOSUO REPE You pick up a book of Flames and begin reading...
You add the spells Foxfire, Conjure Flame, Inner Flame and Flame Wave to your library.
Found 15 stones.
Found a spear.
A goblin comes into view. It is wielding a +0 club.
You see here 9 gold pieces.
A goblin is nearby!
A hobgoblin comes into view.
Found a faded altar of an unknown god.
The goblin shouts!
You freeze the goblin.
The goblin is heavily wounded.
The goblin barely misses you.
You freeze the goblin.
You kill the goblin!
You can't see any susceptible monsters within range! (Use Z to cast anyway.)
You can't see any susceptible monsters within range! (Use Z to cast anyway.)
You can't see any susceptible monsters within range! (Use Z to cast anyway.)
You reach to attack!
You hit the hobgoblin but do no damage. You freeze the hobgoblin.
The hobgoblin is heavily wounded.
The hobgoblin barely misses you.
You freeze the hobgoblin.
You kill the hobgoblin!
No target in view!
You can't see any susceptible monsters within range! (Use Z to cast anyway.) No target in view!
You can't see any susceptible monsters within range! (Use Z to cast anyway.) Are you sure you want to abandon this character and quit the game? (Confirm with "yes".)

≈≈≈.## #....# .#.#.#
#.†..# #.#.## #....#
#.#.. #....# #.#.#
#....# .#
#####################..#
......................>#
........................
......)@.$......########
.PPP.....#...##.#
P♣...###.#.#.#
♣....(....# ..
_.P..###.###############
.. #................ .
#.############### ##. )#


There were no monsters in sight!

Vanquished Creatures
  A bat (D:1)
  An endoplasm (D:1)
  A giant cockroach (D:1)
  A goblin (D:1)
  A hobgoblin (D:1)
  3 quokkas (D:1)
  A frilled lizard (D:1)
  A kobold (D:1)
  A rat (D:1)
11 creatures vanquished.

Notes
Turn   | Place    | Note
-------+----------+-------------------------------------------
     0 | D:1      | gruber the Demonspawn Ice Elementalist began the quest for
                  | the Orb.
     0 | D:1      | Reached XP level 1. HP: 13/13 MP: 3/3
   388 | D:1      | Reached skill level 4 in Ice Magic
   418 | D:1      | Gained mutation: Your touch may inflict minor irresistible
                  | damage on your foes. [demonic ancestry]
   418 | D:1      | Reached XP level 2. HP: 19/19 MP: 3/5
   803 | D:1      | Found a faded altar of an unknown god.
   809 | D:1      | Quit the game

Illustrated notes

Levels and vault maps discovered:
D:1:      ncdulo_watergridlock, layout_basic, dreamdust_ecumenical_altar_grove

Skill      XL: |  1 |
---------------+----+-----
Ice Magic      | 4 |  4.2
Dodging        | |  1.7
Stealth        | |  1.7
Spellcasting   | |  2.0

Action                   || total
-------------------------++-------
Melee: Spear             ||     5
       Unarmed           ||     1
       Touch             ||     1
 Cast: Freeze            ||    14
 Stab: Sleeping          ||     2
Armor: Robe              ||     1
Dodge: Dodged            ||     8

Table legend: (Time is in decaauts)
 A = Elapsed time spent in this place.
 B = Non-inter-level travel time spent in this place.
 C = Inter-level travel time spent in this place.
 D = Time resting spent in this place.
 E = Time spent auto-exploring this place.
 F = Levels seen in this place.
 G = Mean time per level.
                   A        B        C        D        E       F      G
               +--------+--------+--------+--------+--------+-----+--------+
         Total |    809 |    809 |      0 |     32 |    705 |   1 |  809.0 |
       Dungeon |    809 |    809 |      0 |     32 |    705 |   1 |  809.0 |
               +--------+--------+--------+--------+--------+-----+--------+

Top non-repeatable levels by time:
     D:1: 809 daAuts
